 Dungeon Crawl Stone Soup version bcrawl-1.39.1 (webtiles) character file.

Game seed: 11939580102838493548

285363 Finalfun the Summoner (level 11, -5/86 HPs)
             Began as a Demonspawn Summoner on Sept 25, 2023.
             Was a High Priest of Yredelemnul.
             Slain by an orc knight
             ... wielding a +0 halberd
              (32 damage)
             ... in a bailey.
             The game lasted 00:54:06 (12787 turns).

Finalfun the Summoner (Demonspawn Summoner)        Turns: 12787, Time: 00:54:07

Health: -5/86      AC:  5    Str:  9    XL:     11   Next: 25%
Magic:  6/21       EV: 14    Int: 19    God:    Yredelemnul [*****.]
Gold:   611        SH:  0    Dex: 14    Spells: 10/24 levels left

rFire    . . .     GDR:     29% d - +0 whip (freeze)
rCold    . . .     SeeInvis .   (no shield)
rNeg     . . .     Gourm    .   A - +2 robe {MR+}
rPois    .         Faith    .   (helmet restricted)
rElec    .         Spirit   .   (no cloak)
rCorr    .         Reflect  .   x - +0 pair of gloves
MR       +....                  (no boots)
Stlth    +++.......             (no amulet)
HPRegen  0.24/turn              (no ring)
MPRegen  0.17/turn              (no ring)

@: no status effects
A: claws 1, horns 2, talons 2, nightstalker 1, powered by death 3
a: Recall Undead Slaves, Injury Mirror, Animate Dead, Drain Life, Enslave Soul,
Renounce Religion


You were in a bailey.
You worshipped Yredelemnul.
Yredelemnul was extremely pleased with you.
You were hungry.

You visited 1 branch of the dungeon, and saw 9 of its levels.
You also visited: Ossuary and Bailey.

You collected 1016 gold pieces.
You spent 405 gold pieces at shops.

Inventory:

Hand Weapons
 d - a +0 whip of freezing (weapon)
Missiles
 g - 2373 stones (quivered)
 h - 1510 arrows
 u - a throwing net {=f}
Armour
 w - a +1 ring mail of poison resistance
 x - a +0 pair of gloves (worn)
 A - a +2 robe of magic resistance (worn)
Wands
 n - a wand of digging (7)
 E - a wand of acid (7)
Scrolls
 c - a scroll of summoning
 e - a scroll of acquirement {unknown}
 j - 9 scrolls of remove curse
 o - 3 scrolls of fear
 q - 4 scrolls of enchant armour {unknown}
 t - a scroll of amnesia {unknown}
 v - 5 scrolls of teleportation {unknown}
 y - a scroll of enchant weapon {unknown}
 C - a scroll of immolation {unknown}
 F - a scroll of fog {unknown}
Potions
 a - 2 potions of agility {unknown}
 b - 2 potions of mutation
 f - 2 potions of ambrosia
 k - a potion of berserk rage
 l - a potion of flight {unknown}
 m - 3 potions of magic
 p - a potion of heal wounds
 r - 8 potions of curing
 s - a potion of invisibility
 z - 3 potions of cancellation
 B - 2 potions of might {unknown}
 D - 3 potions of brilliance
 G - 2 potions of lignification
 H - 2 potions of haste {unknown}
Comestibles
 i - 2 chunks of flesh


   Skills:
 + Level 8.2 Fighting
 - Level 2.0 Maces & Flails
 - Level 4.0 Armour
 - Level 4.0 Dodging
 - Level 2.0 Stealth
 - Level 7.0 Spellcasting
 - Level 9.0 Summonings
 - Level 5.0 Ice Magic
 - Level 5.0 Poison Magic
 - Level 7.0 Invocations


You had 10 spell levels left.
You knew the following spells:

 Your Spells              Type           Power        Failure   Level  Hunger
a - Summon Small Mammal   Summ           ####         1%          1    None
b - Call Imp              Summ           #####.       1%          2    None
c - Call Canine Familiar  Summ           #####...     1%          3    None
d - Summon Ice Beast      Ice/Summ       ####....     5%          4    ####...
e - Summon Scorpions      Summ/Pois      ####....     5%          4    ####...

Your spell library contained the following spells:

 Spells                   Type           Power        Failure   Level  Hunger
 Sting                    Conj/Pois      ###.         3%          1    None
 Poisonous Vapours        Pois/Air       ###...       5%          2    None
 Olgreb's Toxic Radiance  Pois           ####.....    13%         4    ####...
 Ignite Poison            Fire/Tmut/Pois ##......     16%         3    None
 Confuse                  Hex            #.......     30%         3    None
 Dazzling Orbs            Conj/Hex       #......      30%         3    None
 Summon Lightning Spire   Summ/Air       ###.....     41%         5    #####..
 Petrify                  Tmut/Erth      #.........   69%         4    ####...
 Yara's Violent Unravell  Hex/Tmut       #.........   69%         4    ####...
 Venom Bolt               Conj/Pois      ###.......   69%         5    #####..
 Silence                  Hex/Air        #.........   95%         5    #####..


Dungeon Overview and Level Annotations

Branches:
Dungeon (9/12)             Temple (0/1) D:4            Lair (0/6) D:9
    Orc (0/1) D:9

Altars:
Wu Jian
Xom
Yredelemnul

Shops:
D:4 *   D:7 =

Annotations:
D:9 Harold


Innate Abilities, Weirdness & Mutations

You have sharp fingernails.
You have a pair of horns on your head.
You have razor-sharp toenails.
You are slightly more attuned to the shadows.
You regenerate a lot of health from kills.


Message History

Casting: Summon Ice Beast (safe; 5% risk of failure)
Confirm with . or Enter, or press ? or * to list all spells.
The orc wizard looks satisfied for a moment.
The gnoll barely misses your wraith.
Your wraith hits the orc knight.
Your orc warrior zombie hits the orc knight but does no damage.
Your orc skeleton hits the orc wizard with a +0 war axe.
The orc wizard barely misses your wraith.
Your iron imp hits the orc knight but does no damage.
Your orc knight zombie barely misses the orc knight.
The orc knight hits you from afar with a +0 glaive!!
Casting: Call Canine Familiar (safe; 1% risk of failure)
Confirm with . or Enter, or press ? or * to list all spells.
A beastly little devil appears in a puff of frigid air.
The orc wizard looks braver for a moment.
Your wraith hits the orc knight but does no damage.
The gnoll hits your wraith with a +0 flail!
Your orc warrior zombie closely misses the orc knight.
The orc knight hits you from afar with a +0 halberd!!
You die...
Your body rises from the dead as a mindless zombie.

######## #######
.......###.....########
...oZZh.'....).)#)....#
...oWZs.'......)'.....'
.g.go5@.'......)'.....'
...ooZZY'.....))).....'
...gg)s5'.......#.....#
.......###.....########
######## #######


You could see 2 orc knights, an orc wizard, 4 gnolls, 2 orcs, a friendly wraith,
a friendly ice beast, 2 friendly scorpions, a friendly hound, a friendly iron
imp, a friendly white imp, a friendly orc zombie, 2 friendly orc warrior
zombies, a friendly orc knight zombie and a friendly orc skeleton.

Vanquished Creatures
  Prince Ribbit (D:6)
  A water moccasin (D:6)
  A slave (D:7)
  An ice beast (D:6)
  2 sky beasts
  3 bullfrogs
  A centaur (D:8)
  2 scorpions (D:4)
  A wight (D:8)
  A killer bee (D:8)
  A howler monkey (D:3)
  An orc priest (D:6)
  2 crimson imps (D:4)
  2 hounds
  A jelly (D:6)
  2 bullfrog skeletons
  2 orc wizards (D:6)
  3 worker ants (D:4)
  A hound skeleton (D:4)
  A mummy (Ossuary)
  3 adders
  17 gnolls (D:6)
  A shadow imp (D:7)
  4 oozes
  A worm (D:3)
  A dart slug (D:2)
  3 leopard geckos
  9 orcs
  2 gnoll zombies
  4 goblins
  3 hobgoblins
  18 jackals
  A quokka (D:7)
  3 bats
  A frilled lizard (D:1)
  8 kobolds
  An orc zombie (Ossuary)
  2 quokka skeletons
  6 rats
118 creatures vanquished.

Vanquished Creatures (collateral kills)
  Erica (D:8)
  2 two-headed ogres (D:8)
  Pikel (D:7)
  2 orc knights (Bailey)
  A komodo dragon (D:6)
  A troll (D:6)
  A hippogriff (D:7)
  Sigmund (D:5)
  A yak (D:9)
  Menkaure (D:5)
  Duvessa (D:7)
  8 orc warriors
  2 porcupines (D:9)
  A hornet zombie (D:6)
  3 slaves (D:7)
  A phantom (D:9)
  3 sky beasts
  4 ogres
  A kobold brigand (D:8)
  3 bullfrogs
  Blork the orc (D:6)
  Dowan (D:7)
  A centaur (D:3)
  A scorpion (D:4)
  2 killer bees (D:8)
  6 wights
  A howler monkey (D:5)
  An orc priest (D:8)
  2 crimson imps
  2 gnoll shamans (D:6)
  5 worker ants
  4 orc wizards
  A killer bee zombie (D:8)
  7 mummies (Ossuary)
  13 gnolls (D:6)
  5 adders
  2 dart slugs
  2 leopard geckos
  46 orcs
  A gnoll zombie (D:2)
  5 goblins
  4 hobgoblins
  10 jackals
  2 quokkas
  3 hobgoblin zombies (Ossuary)
  7 kobolds
  3 orc zombies (Ossuary)
  A rat (D:1)
178 creatures vanquished.

Vanquished Creatures (others)
  2 vampires
  A hippogriff zombie (D:7)
  A komodo dragon skeleton (D:6)
  3 wights
  A bullfrog skeleton (D:8)
  A killer bee zombie (D:8)
  2 human zombies (D:7)
  A sky beast zombie (D:7)
  2 kobold zombies (D:8)
  An ogre zombie (D:6)
  An ogre skeleton (D:6)
  A hound skeleton (D:8)
  3 mummies
  A howler monkey skeleton (D:5)
  A centaur skeleton (D:8)
  5 orc skeletons
  An elf zombie (D:7)
  An adder skeleton (D:6)
  11 gnoll zombies (D:6)
  A gnoll skeleton (D:6)
  3 jackal skeletons (D:6)
  5 jackal zombies (D:6)
  A kobold skeleton (D:8)
  12 orc zombies
  6 fungi (D:9)
  10 plants (D:9)
78 creatures vanquished.

Grand Total: 374 creatures vanquished

Notes
Turn   | Place    | Note
-------+----------+-------------------------------------------
     0 | D:1      | Finalfun the Demonspawn Summoner began the quest for the
                  | Orb.
     0 | D:1      | Reached XP level 1. HP: 13/13 MP: 3/3
   104 | D:1      | Reached skill level 1 in Fighting
   217 | D:1      | Gained mutation: You regenerate a little health from kills.
                  | [demonic ancestry]
   217 | D:1      | Reached XP level 2. HP: 18/21 MP: 1/5
   220 | D:1      | Learned a level 2 spell: Call Imp
   621 | D:1      | Found a glowing golden altar of the Shining One.
  1360 | D:1      | Gained mutation: You regenerate health from kills. [demonic
                  | ancestry]
  1360 | D:1      | Reached XP level 3. HP: 27/27 MP: 3/6
  1673 | D:2      | Reached skill level 1 in Maces & Flails
  2289 | D:2      | Found a basalt altar of Yredelemnul.
  2297 | D:2      | Became a worshipper of Yredelemnul the Dark
  2413 | D:3      | Reached XP level 4. HP: 17/33 MP: 2/7
  2434 | D:3      | Noticed a centaur
  2453 | D:3      | HP: 1/33 [centaur (6)]
  2459 | D:3      | Killed a centaur
  2460 | D:3      | Reached skill level 5 in Summonings
  2460 | D:3      | Gained mutation: You have a pair of small horns on your
                  | head. [demonic ancestry]
  2460 | D:3      | Reached XP level 5. HP: 12/39 MP: 2/8
  2560 | D:3      | Found an ornate altar of the Wu Jian Council.
  3001 | D:2      | Learned a level 3 spell: Call Canine Familiar
  3284 | D:3      | Gained mutation: You have a pair of horns on your head.
                  | [demonic ancestry]
  3284 | D:3      | Reached XP level 6. HP: 49/49 MP: 3/9
  3483 | D:3      | Reached * piety under Yredelemnul
  3712 | D:4      | Found Haaron's Assorted Antiques.
  3868 | D:4      | Found a shimmering altar of Xom.
  3904 | D:4      | Noticed a sky beast
  3940 | D:4      | Killed a sky beast
  3941 | D:4      | Reached skill level 5 in Fighting
  4035 | D:4      | Reached skill level 6 in Summonings
  4035 | D:4      | Gained mutation: You are slightly more attuned to the
                  | shadows. [demonic ancestry]
  4035 | D:4      | Reached XP level 7. HP: 52/56 MP: 10/10
  4531 | D:4      | Found a staircase to the Ecumenical Temple.
  4760 | D:4      | Reached skill level 7 in Summonings
  5112 | D:5      | Entered Level 5 of the Dungeon
  5120 | D:5      | Noticed Menkaure
  5128 | D:5      | Killed Menkaure
  5176 | D:5      | Reached skill level 8 in Summonings
  5240 | D:5      | Gained mutation: You have sharp toenails. [demonic
                  | ancestry]
  5240 | D:5      | Reached XP level 8. HP: 62/62 MP: 8/11
  5765 | D:5      | Noticed Sigmund
  5778 | D:5      | Killed Sigmund
  6091 | D:5      | Reached skill level 5 in Invocations
  6719 | D:6      | Noticed Prince Ribbit
  6888 | D:6      | Noticed a komodo dragon
  6900 | D:6      | Killed a komodo dragon
  7000 | D:6      | Gained mutation: You have razor-sharp toenails. [demonic
                  | ancestry]
  7000 | D:6      | Reached XP level 9. HP: 54/68 MP: 8/14
  7196 | D:6      | Noticed Blork the orc
  7209 | D:6      | Reached ** piety under Yredelemnul
  7235 | D:6      | Killed Blork the orc
  7468 | D:6      | HP: 2/68 [Prince Ribbit (12)]
  7469 | D:6      | Reached skill level 5 in Spellcasting
  7478 | D:6      | Your ally Blork died
  7481 | D:6      | Killed Prince Ribbit
  7481 | D:6      | Reached *** piety under Yredelemnul
  8396 | D:7      | Noticed Duvessa
  8396 | D:7      | Noticed Dowan
  8423 | D:7      | Killed Duvessa
  8426 | D:7      | Killed Dowan
  8555 | D:7      | Found Carry's Jewellery Boutique.
  8562 | D:7      | Noticed Pikel
  8562 | D:7      | Noticed a troll
  8566 | D:7      | Your ally Dowan died
  8843 | D:6      | Killed a troll
  9024 | D:7      | Killed Pikel
  9025 | D:7      | Gained mutation: You have sharp fingernails. [demonic
                  | ancestry]
  9025 | D:7      | Reached XP level 10. HP: 52/80 MP: 10/17
  9099 | D:4      | Bought a metal-bound book for 405 gold pieces
  9114 | D:4      | Learned a level 4 spell: Summon Ice Beast
  9119 | D:4      | Learned a level 4 spell: Summon Scorpions
  9575 | D:7      | Reached skill level 1 in Poison Magic
  9648 | D:7      | Reached skill level 1 in Ice Magic
 10241 | D:8      | Noticed a two-headed ogre
 10389 | D:8      | Noticed a two-headed ogre
 10589 | D:8      | Found a sand-covered staircase.
 10593 | Ossuary  | Entered an ossuary
 10999 | D:8      | Killed a two-headed ogre
 11092 | D:8      | Reached skill level 9 in Summonings
 11542 | D:8      | Killed a two-headed ogre
 12145 | D:9      | Noticed Harold
 12210 | D:9      | Reached skill level 5 in Poison Magic
 12211 | D:9      | Reached **** piety under Yredelemnul
 12256 | D:9      | Noticed Erica
 12286 | D:8      | Killed Erica
 12287 | D:8      | Reached skill level 5 in Ice Magic
 12287 | D:8      | Gained mutation: You regenerate a lot of health from kills.
                  | [demonic ancestry]
 12287 | D:8      | Reached XP level 11. HP: 33/86 MP: 7/19
 12474 | D:9      | Found a flagged portal.
 12497 | Bailey   | Entered a bailey
 12677 | Bailey   | Noticed an orc knight
 12696 | Bailey   | Killed an orc knight
 12710 | Bailey   | Noticed an orc knight
 12724 | Bailey   | Killed an orc knight
 12776 | Bailey   | Reached ***** piety under Yredelemnul
 12777 | Bailey   | Noticed an orc knight
 12779 | Bailey   | Noticed an orc knight
 12787 | Bailey   | Slain by an orc knight

Skill      XL: |  1  2  3  4  5  6  7  8  9 10 11 |
---------------+----------------------------------+-----
Dodging        | 2 4 |  4.0
Fighting       | 1 2 4 5 8 |  8.2
Maces & Flails | 1 2 |  2.0
Summonings     | 5 6 8 9 |  9.0
Invocations    | 7 |  7.0
Armour         | 2 4 |  4.0
Spellcasting   | 5 7 |  7.0
Poison Magic   | 5 |  5.0
Ice Magic      | 5 |  5.0
Stealth        | |  2.0

Action                   |  1- 3 |  4- 6 |  7- 9 | 10-12 || total
-------------------------+-------+-------+-------+-------++-------
Melee: Unarmed           |    53 |       |       |       ||    53
       Whip              |    98 |    89 |   363 |   140 ||   690
       Headbutt          |       |    18 |    51 |    19 ||    88
       Kick              |       |       |    59 |    34 ||    93
 Cast: Summon Small Mamm |    12 |    11 |    15 |     3 ||    41
       Call Imp          |    18 |    22 |    41 |    33 ||   114
       Call Canine Famil |       |     7 |    26 |    28 ||    61
       Summon Scorpions  |       |       |       |    23 ||    23
       Summon Ice Beast  |       |       |       |    13 ||    13
Invok: Recall Undead Sla |       |       |     1 |     1 ||     2
  Use: Scroll            |     2 |     3 |     4 |     6 ||    15
       Potion            |       |     1 |     1 |       ||     2
 Stab: Sleeping          |     4 |       |     4 |     5 ||    13
       Distracted        |     1 |       |     5 |     2 ||     8
  Eat: Chunk             |    10 |    12 |    19 |    15 ||    56
       Ration            |       |       |     4 |     4 ||     8
Armor: Robe              |    20 |     5 |       |    41 ||    66
       Ring mail         |       |    31 |   157 |       ||   188
Dodge: Dodged            |   105 |    57 |   221 |   191 ||   574
